Connexion

Bruins vs Reign

Created - 3 septembre 2023 at 07:15

Goals
1 2 3 T
Bruins 2 1 2 5
Reign 0 1 1 2
Shots
1 2 3 T
Bruins 13 9 10 32
Reign 11 4 11 26

GoalsPenalties
1st period
1. Bruins , Igor Shvyrev 5 (Michael Teply 4, Josh Brook 10) at 6:04
2. Bruins , Michael Teply 3 (Michal Kempny 10) at 8:18
Julius Honka (PRO) for Roughing (Minor) at 6:18
Nathan Bastian (PRO) for Interference (Minor) at 11:01
Reilly Walsh (PRO) for Close Hand On Puck (Minor) at 15:28
2nd period
3. Reign , Patrick Khodorenko 2 (Lawrence Pilut 11, John Leonard 7) at 7:18
4. Bruins , Bryce Kindopp 6 (Nathan Bastian 4, Michal Kempny 11) at 15:02
No Penalty
3rd period
5. Bruins , Ludwig Bystrom 1 (Tyler Weiss 2, Jakob Forsbacka-Karlsson 2) at 5:37
6. Reign , Mason Appleton 3 (Patrik Nemeth 1) at 11:01 (PP)
7. Bruins , Jakob Forsbacka-Karlsson 2 (Ludwig Bystrom 3) at 17:39
Matt Irwin (ONT) for High sticking (Minor) at 0:18
Connor Mackey (ONT) for Hooking (Minor) at 2:58
Tyler Weiss (PRO) for High sticking (Minor) at 9:55
Hunter Shinkaruk (PRO) for Interference (Minor) at 11:37
Nicolas Deslauriers (ONT) for Roughing (Minor) at 16:33
Nathan Bastian (PRO) for Hooking (Minor) at 16:33
Ludwig Bystrom (PRO) for Interference (Minor) at 18:46
Goalie Stats
Joey Daccord (PRO), 24 saves from 26 shots - (0,923), W, 7-5-1, 60:00 minutes
Pheonix Copley (ONT), 27 saves from 32 shots - (0,844), L, 3-1-0, 60:00 minutes
3 StarsOfficial
1 - Jakob Forsbacka-Karlsson (PRO)
2 - Michael Teply (PRO)
3 - Ludwig Bystrom (PRO)
Referees : Eric Furlatt and Brad Meier
Linesman : Tony Sericolo and Brian Murphy
Game Note
No Game Note
Finance
Level 1 -- Attendance: 2000 (100,00%) -- Ticket Income 60 000 $
Level 2 -- Attendance: 747 (74,70%) -- Ticket Income 14 940 $
Total Attendance: 2747 (91,57%)
Total Ticket Income: 74 940 $
Other Income: 14 988 $
Total Income: 89 928 $



Team Name Goals Shots Shots Attemp Shots Blocked PIM HIT PP PK FO%
Bruins 532691114200 / 2 (0%)149%
Reign 22664146181 / 6 (17%)051%

Bruins
Player Name POS G A P +/- PIM HIT SHT SB MP PP MP PP SHT PK MP PK SHT FO% FOT
Bryce KindoppRW1011002023:031:3706:09047% 19
Derek GrantC/LW/RW0001002018:551:3703:16050% 6
Hunter ShinkarukC/LW/RW000-1210016:212:2100:0000% 0
Igor ShvyrevC1011007010:290:0000:00029% 7
Jakob Forsbacka-KarlssonC112300317:290:0000:14073% 11
Jansen HarkinsC000-1012019:382:2103:16044% 16
Jesse GrahamD0003011113:340:0000:0000% 0
Josh BrookD0111030125:401:3706:0700% 0
Julius HonkaD0000251119:512:2103:1400% 0
Ludwig BystromD1123201214:410:0001:4100% 0
Matej StranskyLW/RW000100409:140:0000:0000% 0
Michael TeplyLW1122001011:530:0001:550100% 1
Michal KempnyD0221005325:351:3706:0200% 0
Nathan BastianC/RW0111431021:031:3705:26048% 21
Reid BoucherC/LW/RW000-1002016:222:2110:0000% 0
Reilly WalshD0000230220:362:2103:2600% 0
Ryan O'ReillyRW000201006:310:0000:0000% 1
Tyler WeissLW011222006:440:0000:1400% 0
Reign
Player Name POS G A P +/- PIM HIT SHT SB MP PP MP PP SHT PK MP PK SHT FO% FOT
Andrew LaddLW/RW000000102:410:0000:0400% 0
Chase PriskieD000-1010215:150:0001:5700% 0
Connor MackeyD000-2222119:574:4720:5100% 0
Danny DekeyserD000-2023220:514:4731:4400% 0
Dominic ToninatoC000000002:370:0000:00050% 2
Jacob De La RoseC/LW000000000:000:0000:0000% 0
Jeff CarterC/RW000-2001018:555:2110:00052% 31
Joël TeasdaleLW000-1001122:394:5402:290100% 3
John LeonardLW011-1002014:060:0000:0400% 0
Lawrence PilutD011-1001313:180:0000:0000% 0
Mason AppletonC/RW101-2001018:555:2110:0000% 0
Matt Irwin D000-1233324:465:2831:1000% 0
Nicolas DeslauriersLW/RW000-1210014:010:0000:0000% 1
Patrick KhodorenkoC101-1003014:020:0000:00056% 9
Patrik NemethD011-1052225:515:2822:1400% 0
Ryan ReavesLW/RW000-2021020:385:2111:250100% 1
Zachary Aston-ReeseC/LW/RW000-1002025:164:5412:29047% 30
Zack MacewenC/RW0000023020:124:5431:25040% 5



Play-by-Play

1st period


0:01 of 1st period - Zachary Aston-Reese wins face-off versus Nathan Bastian in neutral zone.
0:11 of 1st period - Shot by Michal Kempny.
0:11 of 1st period - Stopped by Pheonix Copley without a rebound.
0:12 of 1st period - Jeff Carter wins face-off versus Jansen Harkins in Reign zone.
0:12 of 1st period - Danny Dekeyser is hit by Jansen Harkins.
0:50 of 1st period - Jeff Carter is hit by Reilly Walsh and loses puck.
1:02 of 1st period - Off-side.
1:03 of 1st period - Zachary Aston-Reese wins face-off versus Nathan Bastian in neutral zone.
1:36 of 1st period - Zachary Aston-Reese is hit by Nathan Bastian and loses puck.
2:48 of 1st period - Shot by Igor Shvyrev.
2:48 of 1st period - Stopped by Pheonix Copley without a rebound.
2:49 of 1st period - Jeff Carter wins face-off versus Jakob Forsbacka-Karlsson in Reign zone.
3:00 of 1st period - Shot by Jakob Forsbacka-Karlsson.
3:00 of 1st period - Stopped by Pheonix Copley without a rebound.
3:01 of 1st period - Jansen Harkins wins face-off versus Zachary Aston-Reese in Reign zone.
3:30 of 1st period - Shot by Zachary Aston-Reese.
3:30 of 1st period - Shot Misses the Net.
3:40 of 1st period - Shot by Andrew Ladd.
3:40 of 1st period - Shot Blocked by Julius Honka.
4:18 of 1st period - Shot by Mason Appleton.
4:18 of 1st period - Shot Misses the Net.
4:20 of 1st period - Shot by Ryan Reaves.
4:20 of 1st period - Shot Blocked by Michal Kempny.
4:24 of 1st period - Shot by Jeff Carter.
4:24 of 1st period - Shot Misses the Net.
4:46 of 1st period - Shot by Nathan Bastian.
4:46 of 1st period - Stopped by Pheonix Copley with a rebound.
4:48 of 1st period - Shot by Michal Kempny.
4:48 of 1st period - Stopped by Pheonix Copley without a rebound.
4:49 of 1st period - Jakob Forsbacka-Karlsson wins face-off versus Zachary Aston-Reese in Reign zone.
5:30 of 1st period - Off-side.
5:31 of 1st period - Igor Shvyrev wins face-off versus Patrick Khodorenko in neutral zone.
6:00 of 1st period - Shot by Michael Teply.
6:00 of 1st period - Shot Misses the Net.
6:04 of 1st period - Shot by Igor Shvyrev.
6:04 of 1st period - Goal by Igor Shvyrev - Bruins : 1 - Reign : 0.
6:05 of 1st period - Nathan Bastian wins face-off versus Jeff Carter in neutral zone.
6:17 of 1st period - Danny Dekeyser is hit by Reilly Walsh and loses puck.
6:18 of 1st period - Minor Penalty to Julius Honka for Roughing.
6:19 of 1st period - Joël Teasdale wins face-off versus Bryce Kindopp in Bruins zone.
6:19 of 1st period - Zachary Aston-Reese is hit by Josh Brook and loses puck.
6:32 of 1st period - Shot by Matt Irwin .
6:32 of 1st period - Shot Blocked by Reilly Walsh.
6:34 of 1st period - Shot by Matt Irwin .
6:34 of 1st period - Stopped by Joey Daccord with a rebound.
6:36 of 1st period - Shot by Zachary Aston-Reese.
6:36 of 1st period - Stopped by Joey Daccord without a rebound.
6:37 of 1st period - Bryce Kindopp wins face-off versus Jeff Carter in Bruins zone.
6:45 of 1st period - Jeff Carter is hit by Josh Brook and loses puck.
6:58 of 1st period - Shot by Danny Dekeyser.
6:58 of 1st period - Stopped by Joey Daccord without a rebound.
6:59 of 1st period - Derek Grant wins face-off versus Zachary Aston-Reese in Bruins zone.
7:36 of 1st period - Shot by Zack Macewen.
7:36 of 1st period - Stopped by Joey Daccord with a rebound.
7:38 of 1st period - Shot by Joël Teasdale.
7:38 of 1st period - Shot Blocked by Michal Kempny.
8:00 of 1st period - Shot by Bryce Kindopp.
8:00 of 1st period - Shot Blocked by Connor Mackey.
8:13 of 1st period - Icing by Ryan Reaves.
8:14 of 1st period - Michael Teply wins face-off versus Jeff Carter in Reign zone.
8:14 of 1st period - Michael Teply is hit by Connor Mackey.
8:18 of 1st period - Shot by Michael Teply.
8:18 of 1st period - Goal by Michael Teply - Bruins : 2 - Reign : 0.
8:19 of 1st period - Patrick Khodorenko wins face-off versus Igor Shvyrev in neutral zone.
8:41 of 1st period - Shot by John Leonard.
8:41 of 1st period - Shot Misses the Net.
8:51 of 1st period - Shot by John Leonard.
8:51 of 1st period - Stopped by Joey Daccord without a rebound.
8:52 of 1st period - Jeff Carter wins face-off versus Jansen Harkins in Bruins zone.
9:48 of 1st period - Off-side.
9:49 of 1st period - Nathan Bastian wins face-off versus Zack Macewen in neutral zone.
10:08 of 1st period - Shot by Bryce Kindopp.
10:08 of 1st period - Shot Misses the Net.
10:10 of 1st period - Shot by Michal Kempny.
10:10 of 1st period - Stopped by Pheonix Copley without a rebound.
10:11 of 1st period - Patrick Khodorenko wins face-off versus Igor Shvyrev in Reign zone.
10:20 of 1st period - Shot by John Leonard.
10:20 of 1st period - Stopped by Joey Daccord with a rebound.
10:46 of 1st period - Shot by Matej Stransky.
10:46 of 1st period - Stopped by Pheonix Copley without a rebound.
10:47 of 1st period - Zachary Aston-Reese wins face-off versus Nathan Bastian in Reign zone.
10:47 of 1st period - Zachary Aston-Reese is hit by Nathan Bastian.
10:54 of 1st period - Icing by Zack Macewen.
10:55 of 1st period - Zachary Aston-Reese wins face-off versus Nathan Bastian in Reign zone.
10:55 of 1st period - Zachary Aston-Reese is hit by Nathan Bastian.
11:01 of 1st period - Minor Penalty to Nathan Bastian for Interference.
11:02 of 1st period - Zachary Aston-Reese wins face-off versus Bryce Kindopp in Bruins zone.
11:21 of 1st period - Shot by Matt Irwin .
11:21 of 1st period - Shot Misses the Net.
11:23 of 1st period - Shot by Patrik Nemeth.
11:23 of 1st period - Stopped by Joey Daccord without a rebound.
11:24 of 1st period - Jeff Carter wins face-off versus Bryce Kindopp in Bruins zone.
11:43 of 1st period - Shot by Danny Dekeyser.
11:43 of 1st period - Stopped by Joey Daccord without a rebound.
11:44 of 1st period - Zachary Aston-Reese wins face-off versus Bryce Kindopp in Bruins zone.
11:51 of 1st period - Shot by Zack Macewen.
11:51 of 1st period - Stopped by Joey Daccord without a rebound.
11:52 of 1st period - Zachary Aston-Reese wins face-off versus Bryce Kindopp in Bruins zone.
12:54 of 1st period - Shot by Connor Mackey.
12:54 of 1st period - Shot Blocked by Jakob Forsbacka-Karlsson.
13:09 of 1st period - Icing by Jesse Graham.
13:10 of 1st period - Jansen Harkins wins face-off versus Patrick Khodorenko in Bruins zone.
13:37 of 1st period - Shot by Hunter Shinkaruk.
13:37 of 1st period - Shot Misses the Net.
14:28 of 1st period - Shot by Jakob Forsbacka-Karlsson.
14:28 of 1st period - Shot Misses the Net.
14:48 of 1st period - Icing by Nathan Bastian.
14:49 of 1st period - Nathan Bastian wins face-off versus Zachary Aston-Reese in Bruins zone.
14:49 of 1st period - Nathan Bastian is hit by Zack Macewen.
15:14 of 1st period - Joël Teasdale is hit by Julius Honka and loses puck.
15:20 of 1st period - Zachary Aston-Reese is hit by Reilly Walsh and loses puck.
15:28 of 1st period - Minor Penalty to Reilly Walsh for Close Hand On Puck.
15:29 of 1st period - Jeff Carter wins face-off versus Derek Grant in Bruins zone.
15:34 of 1st period - Shot by Danny Dekeyser.
15:34 of 1st period - Shot Misses the Net.
15:36 of 1st period - Shot by Jeff Carter.
15:36 of 1st period - Deflect By Ryan Reaves.
15:36 of 1st period - Shot Blocked by Michal Kempny.
15:38 of 1st period - Shot by Jeff Carter.
15:38 of 1st period - Deflect By Ryan Reaves.
15:38 of 1st period - Stopped by Joey Daccord without a rebound.
15:39 of 1st period - Jeff Carter wins face-off versus Bryce Kindopp in Bruins zone.
16:51 of 1st period - Shot by Matt Irwin .
16:51 of 1st period - Stopped by Joey Daccord without a rebound.
16:52 of 1st period - Bryce Kindopp wins face-off versus Zachary Aston-Reese in Bruins zone.
17:32 of 1st period - Shot by Jakob Forsbacka-Karlsson.
17:32 of 1st period - Shot Misses the Net.
17:34 of 1st period - Shot by Jesse Graham.
17:34 of 1st period - Stopped by Pheonix Copley without a rebound.
17:35 of 1st period - Jakob Forsbacka-Karlsson wins face-off versus Patrick Khodorenko in Reign zone.
17:41 of 1st period - Off-side.
17:42 of 1st period - Ryan Reaves wins face-off versus Igor Shvyrev in neutral zone.
18:04 of 1st period - Shot by Igor Shvyrev.
18:04 of 1st period - Stopped by Pheonix Copley without a rebound.
18:05 of 1st period - Patrick Khodorenko wins face-off versus Jansen Harkins in Reign zone.
18:05 of 1st period - Patrick Khodorenko is hit by Hunter Shinkaruk.
18:19 of 1st period - Shot by Nicolas Deslauriers.
18:19 of 1st period - Shot Misses the Net.
18:25 of 1st period - Shot by Jansen Harkins.
18:25 of 1st period - Shot Blocked by Patrik Nemeth.
18:27 of 1st period - Shot by Jansen Harkins.
18:27 of 1st period - Stopped by Pheonix Copley with a rebound.
18:29 of 1st period - Shot by Jansen Harkins.
18:29 of 1st period - Deflect By Hunter Shinkaruk.
18:29 of 1st period - Shot Blocked by Matt Irwin .
18:31 of 1st period - Shot by Reid Boucher.
18:31 of 1st period - Stopped by Pheonix Copley without a rebound.
18:32 of 1st period - Nathan Bastian wins face-off versus Zachary Aston-Reese in Reign zone.
Goals for this period are 2 for Bruins vs 0 for Reign.
Shots for this period are 13 for Bruins vs 11 for Reign.

2nd period


0:01 of 2nd period - Zachary Aston-Reese wins face-off versus Nathan Bastian in neutral zone.
0:14 of 2nd period - Shot by Bryce Kindopp.
0:14 of 2nd period - Shot Blocked by Matt Irwin .
0:51 of 2nd period - Icing by Josh Brook.
0:52 of 2nd period - Nathan Bastian wins face-off versus Jeff Carter in Bruins zone.
1:32 of 2nd period - Jeff Carter is hit by Julius Honka and loses puck.
1:52 of 2nd period - Nicolas Deslauriers is hit by Julius Honka and loses puck.
2:03 of 2nd period - Shot by John Leonard.
2:03 of 2nd period - Shot Misses the Net.
2:20 of 2nd period - Nicolas Deslauriers is hit by Julius Honka and loses puck.
2:48 of 2nd period - Shot by Igor Shvyrev.
2:48 of 2nd period - Stopped by Pheonix Copley with a rebound.
4:05 of 2nd period - Shot by Jeff Carter.
4:05 of 2nd period - Shot Blocked by Josh Brook.
4:12 of 2nd period - Icing by Ryan O'Reilly.
4:13 of 2nd period - Jakob Forsbacka-Karlsson wins face-off versus Nicolas Deslauriers in Bruins zone.
4:26 of 2nd period - Shot by Patrick Khodorenko.
4:26 of 2nd period - Deflect By Nicolas Deslauriers.
4:26 of 2nd period - Shot Misses the Net.
4:45 of 2nd period - Icing by Derek Grant.
4:46 of 2nd period - Jeff Carter wins face-off versus Nathan Bastian in Bruins zone.
5:45 of 2nd period - Icing by Jesse Graham.
5:46 of 2nd period - Zack Macewen wins face-off versus Bryce Kindopp in Bruins zone.
5:51 of 2nd period - Shot by Joël Teasdale.
5:51 of 2nd period - Stopped by Joey Daccord with a rebound.
7:18 of 2nd period - Shot by Patrick Khodorenko.
7:18 of 2nd period - Goal by Patrick Khodorenko - Bruins : 2 - Reign : 1.
7:19 of 2nd period - Jakob Forsbacka-Karlsson wins face-off versus Jeff Carter in neutral zone.
7:23 of 2nd period - Shot by Jakob Forsbacka-Karlsson.
7:23 of 2nd period - Stopped by Pheonix Copley with a rebound.
7:39 of 2nd period - Mason Appleton is hit by Ryan O'Reilly.
7:47 of 2nd period - Shot by Jakob Forsbacka-Karlsson.
7:47 of 2nd period - Shot Misses the Net.
9:02 of 2nd period - Icing by Matt Irwin .
9:03 of 2nd period - Jansen Harkins wins face-off versus Dominic Toninato in Reign zone.
9:09 of 2nd period - Off-side.
9:10 of 2nd period - Patrick Khodorenko wins face-off versus Nathan Bastian in neutral zone.
9:17 of 2nd period - Nathan Bastian is hit by Nicolas Deslauriers and loses puck.
9:46 of 2nd period - Shot by Bryce Kindopp.
9:46 of 2nd period - Shot Hit the Post.
10:01 of 2nd period - Chase Priskie is hit by Jesse Graham and loses puck.
10:13 of 2nd period - Jansen Harkins is hit by Connor Mackey and loses puck.
10:30 of 2nd period - Shot by Ryan Reaves.
10:30 of 2nd period - Shot Misses the Net.
10:32 of 2nd period - Shot by Jeff Carter.
10:32 of 2nd period - Shot Misses the Net.
10:34 of 2nd period - Shot by Mason Appleton.
10:34 of 2nd period - Shot Misses the Net.
10:36 of 2nd period - Shot by Ryan Reaves.
10:36 of 2nd period - Shot Blocked by Ludwig Bystrom.
10:53 of 2nd period - Icing by Reid Boucher.
10:54 of 2nd period - Zachary Aston-Reese wins face-off versus Jansen Harkins in Bruins zone.
10:59 of 2nd period - Shot by Joël Teasdale.
10:59 of 2nd period - Shot Misses the Net.
11:17 of 2nd period - Shot by Zachary Aston-Reese.
11:17 of 2nd period - Deflect By Joël Teasdale.
11:17 of 2nd period - Shot Misses the Net.
11:19 of 2nd period - Shot by Patrik Nemeth.
11:19 of 2nd period - Shot Blocked by Jesse Graham.
12:11 of 2nd period - Shot by Bryce Kindopp.
12:11 of 2nd period - Shot Blocked by Lawrence Pilut.
12:13 of 2nd period - Shot by Nathan Bastian.
12:13 of 2nd period - Shot Blocked by Chase Priskie.
12:15 of 2nd period - Shot by Derek Grant.
12:15 of 2nd period - Shot Blocked by Chase Priskie.
12:17 of 2nd period - Shot by Nathan Bastian.
12:17 of 2nd period - Shot Misses the Net.
13:15 of 2nd period - Shot by Matej Stransky.
13:15 of 2nd period - Stopped by Pheonix Copley with a rebound.
13:17 of 2nd period - Shot by Igor Shvyrev.
13:17 of 2nd period - Shot Blocked by Lawrence Pilut.
13:19 of 2nd period - Shot by Michael Teply.
13:19 of 2nd period - Shot Misses the Net.
13:21 of 2nd period - Shot by Matej Stransky.
13:21 of 2nd period - Stopped by Pheonix Copley with a rebound.
13:23 of 2nd period - Shot by Julius Honka.
13:23 of 2nd period - Stopped by Pheonix Copley without a rebound.
13:24 of 2nd period - Zachary Aston-Reese wins face-off versus Jakob Forsbacka-Karlsson in Reign zone.
13:24 of 2nd period - Zachary Aston-Reese is hit by Tyler Weiss.
13:29 of 2nd period - Off-side.
13:30 of 2nd period - Jakob Forsbacka-Karlsson wins face-off versus Zachary Aston-Reese in neutral zone.
14:02 of 2nd period - Shot by Zachary Aston-Reese.
14:02 of 2nd period - Stopped by Joey Daccord without a rebound.
14:03 of 2nd period - Jeff Carter wins face-off versus Nathan Bastian in Bruins zone.
14:17 of 2nd period - Reilly Walsh is hit by Ryan Reaves and loses puck.
14:21 of 2nd period - Off-side.
14:22 of 2nd period - Dominic Toninato wins face-off versus Igor Shvyrev in neutral zone.
14:32 of 2nd period - Zachary Aston-Reese is hit by Julius Honka and loses puck.
14:44 of 2nd period - Shot by Andrew Ladd.
14:44 of 2nd period - Stopped by Joey Daccord without a rebound.
14:45 of 2nd period - Jeff Carter wins face-off versus Nathan Bastian in Bruins zone.
14:46 of 2nd period - Shot by Mason Appleton.
14:46 of 2nd period - Deflect By Jeff Carter.
14:46 of 2nd period - Shot Misses the Net.
15:02 of 2nd period - Shot by Bryce Kindopp.
15:02 of 2nd period - Goal by Bryce Kindopp - Bruins : 3 - Reign : 1.
15:03 of 2nd period - Jansen Harkins wins face-off versus Zachary Aston-Reese in neutral zone.
15:21 of 2nd period - Reid Boucher is hit by Patrik Nemeth and loses puck.
16:03 of 2nd period - Bryce Kindopp is hit by Matt Irwin and loses puck.
16:15 of 2nd period - Icing by Patrik Nemeth.
16:16 of 2nd period - Igor Shvyrev wins face-off versus Zachary Aston-Reese in Reign zone.
16:25 of 2nd period - Shot by Reilly Walsh.
16:25 of 2nd period - Shot Misses the Net.
16:30 of 2nd period - Matej Stransky is hit by Patrik Nemeth and loses puck.
16:41 of 2nd period - Shot by Matej Stransky.
16:41 of 2nd period - Shot Blocked by Matt Irwin .
16:43 of 2nd period - Shot by Reilly Walsh.
16:43 of 2nd period - Shot Misses the Net.
16:45 of 2nd period - Shot by Igor Shvyrev.
16:45 of 2nd period - Stopped by Pheonix Copley without a rebound.
16:46 of 2nd period - Nathan Bastian wins face-off versus Jeff Carter in Reign zone.
16:46 of 2nd period - Bryce Kindopp is hit by Danny Dekeyser and loses puck.
16:49 of 2nd period - Shot by Derek Grant.
16:49 of 2nd period - Stopped by Pheonix Copley without a rebound.
16:50 of 2nd period - Nathan Bastian wins face-off versus Jeff Carter in Reign zone.
16:50 of 2nd period - Nathan Bastian is hit by Danny Dekeyser.
17:41 of 2nd period - Icing by Connor Mackey.
17:42 of 2nd period - Jeff Carter wins face-off versus Jansen Harkins in Reign zone.
18:07 of 2nd period - Shot by Hunter Shinkaruk.
18:07 of 2nd period - Shot Blocked by Lawrence Pilut.
18:44 of 2nd period - Igor Shvyrev is hit by Patrik Nemeth and loses puck.
18:48 of 2nd period - Igor Shvyrev is hit by Matt Irwin and loses puck.
19:03 of 2nd period - Shot by Matej Stransky.
19:03 of 2nd period - Stopped by Pheonix Copley without a rebound.
19:04 of 2nd period - Nathan Bastian wins face-off versus Jeff Carter in Reign zone.
19:30 of 2nd period - Icing by Ryan Reaves.
19:31 of 2nd period - Jeff Carter wins face-off versus Ryan O'Reilly in Reign zone.
19:31 of 2nd period - Jeff Carter is hit by Tyler Weiss.
Goals for this period are 1 for Bruins vs 1 for Reign.
Shots for this period are 9 for Bruins vs 4 for Reign.

3rd period


0:01 of 3rd period - Zachary Aston-Reese wins face-off versus Nathan Bastian in neutral zone.
0:18 of 3rd period - Minor Penalty to Matt Irwin for High sticking.
0:19 of 3rd period - Joël Teasdale wins face-off versus Jansen Harkins in Reign zone.
0:27 of 3rd period - Reid Boucher is hit by Patrik Nemeth and loses puck.
0:44 of 3rd period - Shot by Reilly Walsh.
0:44 of 3rd period - Shot Misses the Net.
0:46 of 3rd period - Shot by Jansen Harkins.
0:46 of 3rd period - Shot Misses the Net.
0:50 of 3rd period - Shot by Jansen Harkins.
0:50 of 3rd period - Shot Misses the Net.
0:54 of 3rd period - Shot by Reid Boucher.
0:54 of 3rd period - Shot Blocked by Danny Dekeyser.
0:56 of 3rd period - Shot by Reid Boucher.
0:56 of 3rd period - Stopped by Pheonix Copley without a rebound.
0:57 of 3rd period - Nathan Bastian wins face-off versus Zachary Aston-Reese in Reign zone.
1:53 of 3rd period - Icing by Reilly Walsh.
1:54 of 3rd period - Zachary Aston-Reese wins face-off versus Jansen Harkins in Bruins zone.
2:02 of 3rd period - Off-side.
2:03 of 3rd period - Zachary Aston-Reese wins face-off versus Jansen Harkins in neutral zone.
2:28 of 3rd period - Shot by Patrick Khodorenko.
2:28 of 3rd period - Stopped by Joey Daccord without a rebound.
2:29 of 3rd period - Jeff Carter wins face-off versus Bryce Kindopp in Bruins zone.
2:49 of 3rd period - Shot by Derek Grant.
2:49 of 3rd period - Shot Misses the Net.
2:58 of 3rd period - Minor Penalty to Connor Mackey for Hooking.
2:59 of 3rd period - Jansen Harkins wins face-off versus Zachary Aston-Reese in Reign zone.
2:59 of 3rd period - Reid Boucher is hit by Patrik Nemeth and loses puck.
4:10 of 3rd period - Icing by Nathan Bastian.
4:11 of 3rd period - Nathan Bastian wins face-off versus Zachary Aston-Reese in Bruins zone.
5:13 of 3rd period - Shot by Patrick Khodorenko.
5:13 of 3rd period - Stopped by Joey Daccord without a rebound.
5:14 of 3rd period - Jakob Forsbacka-Karlsson wins face-off versus Jeff Carter in Bruins zone.
5:35 of 3rd period - Shot by Tyler Weiss.
5:35 of 3rd period - Shot Misses the Net.
5:37 of 3rd period - Shot by Ludwig Bystrom.
5:37 of 3rd period - Goal by Ludwig Bystrom - Bruins : 4 - Reign : 1.
5:38 of 3rd period - Patrick Khodorenko wins face-off versus Igor Shvyrev in neutral zone.
6:06 of 3rd period - Igor Shvyrev is hit by Matt Irwin and loses puck.
6:52 of 3rd period - Shot by Bryce Kindopp.
6:52 of 3rd period - Stopped by Pheonix Copley with a rebound.
6:54 of 3rd period - Shot by Bryce Kindopp.
6:54 of 3rd period - Shot Misses the Net.
6:56 of 3rd period - Shot by Derek Grant.
6:56 of 3rd period - Stopped by Pheonix Copley without a rebound.
6:57 of 3rd period - Jansen Harkins wins face-off versus Jeff Carter in Reign zone.
7:55 of 3rd period - Icing by Danny Dekeyser.
7:56 of 3rd period - Jakob Forsbacka-Karlsson wins face-off versus Jeff Carter in Reign zone.
8:01 of 3rd period - Shot by Tyler Weiss.
8:01 of 3rd period - Shot Blocked by Danny Dekeyser.
8:03 of 3rd period - Shot by Michal Kempny.
8:03 of 3rd period - Stopped by Pheonix Copley without a rebound.
8:04 of 3rd period - Joël Teasdale wins face-off versus Nathan Bastian in Reign zone.
8:09 of 3rd period - Michal Kempny is hit by Zack Macewen and loses puck.
8:28 of 3rd period - Shot by Zachary Aston-Reese.
8:28 of 3rd period - Shot Misses the Net.
9:20 of 3rd period - Shot by Michael Teply.
9:20 of 3rd period - Shot Misses the Net.
9:22 of 3rd period - Shot by Julius Honka.
9:22 of 3rd period - Shot Misses the Net.
9:30 of 3rd period - Shot by Igor Shvyrev.
9:30 of 3rd period - Shot Misses the Net.
9:42 of 3rd period - Shot by Jansen Harkins.
9:42 of 3rd period - Shot Misses the Net.
9:44 of 3rd period - Shot by Jesse Graham.
9:44 of 3rd period - Shot Blocked by Joël Teasdale.
9:46 of 3rd period - Shot by Jansen Harkins.
9:46 of 3rd period - Stopped by Pheonix Copley without a rebound.
9:47 of 3rd period - Jeff Carter wins face-off versus Jakob Forsbacka-Karlsson in Reign zone.
9:55 of 3rd period - Minor Penalty to Tyler Weiss for High sticking.
9:56 of 3rd period - Bryce Kindopp wins face-off versus Jeff Carter in Bruins zone.
10:37 of 3rd period - Shot by Connor Mackey.
10:37 of 3rd period - Stopped by Joey Daccord without a rebound.
10:38 of 3rd period - Jeff Carter wins face-off versus Derek Grant in Bruins zone.
10:45 of 3rd period - Shot by Ryan Reaves.
10:45 of 3rd period - Shot Misses the Net.
10:47 of 3rd period - Shot by Jeff Carter.
10:47 of 3rd period - Stopped by Joey Daccord without a rebound.
10:48 of 3rd period - Bryce Kindopp wins face-off versus Jeff Carter in Bruins zone.
11:01 of 3rd period - Shot by Mason Appleton.
11:01 of 3rd period - Goal by Mason Appleton - Bruins : 4 - Reign : 2.
11:02 of 3rd period - Jansen Harkins wins face-off versus Patrick Khodorenko in neutral zone.
11:37 of 3rd period - Minor Penalty to Hunter Shinkaruk for Interference.
11:38 of 3rd period - Bryce Kindopp wins face-off versus Zachary Aston-Reese in Bruins zone.
11:51 of 3rd period - Shot by Zachary Aston-Reese.
11:51 of 3rd period - Shot Misses the Net.
11:53 of 3rd period - Shot by Connor Mackey.
11:53 of 3rd period - Stopped by Joey Daccord with a rebound.
11:55 of 3rd period - Shot by Danny Dekeyser.
11:55 of 3rd period - Stopped by Joey Daccord without a rebound.
11:56 of 3rd period - Bryce Kindopp wins face-off versus Jeff Carter in Bruins zone.
12:27 of 3rd period - Shot by Patrik Nemeth.
12:27 of 3rd period - Stopped by Joey Daccord without a rebound.
12:28 of 3rd period - Derek Grant wins face-off versus Zachary Aston-Reese in Bruins zone.
13:06 of 3rd period - Shot by Zachary Aston-Reese.
13:06 of 3rd period - Shot Misses the Net.
13:08 of 3rd period - Shot by Zack Macewen.
13:08 of 3rd period - Stopped by Joey Daccord without a rebound.
13:09 of 3rd period - Jeff Carter wins face-off versus Derek Grant in Bruins zone.
13:16 of 3rd period - Shot by Matt Irwin .
13:16 of 3rd period - Shot Blocked by Reilly Walsh.
13:18 of 3rd period - Shot by Matt Irwin .
13:18 of 3rd period - Shot Misses the Net.
13:20 of 3rd period - Shot by Matt Irwin .
13:20 of 3rd period - Stopped by Joey Daccord without a rebound.
13:21 of 3rd period - Derek Grant wins face-off versus Jeff Carter in Bruins zone.
13:21 of 3rd period - Derek Grant is hit by Ryan Reaves.
13:47 of 3rd period - Shot by Igor Shvyrev.
13:47 of 3rd period - Stopped by Pheonix Copley with a rebound.
13:57 of 3rd period - Shot by Nicolas Deslauriers.
13:57 of 3rd period - Shot Blocked by Ludwig Bystrom.
13:59 of 3rd period - Shot by Lawrence Pilut.
13:59 of 3rd period - Stopped by Joey Daccord without a rebound.
14:00 of 3rd period - Zack Macewen wins face-off versus Jansen Harkins in Bruins zone.
14:33 of 3rd period - Shot by Michal Kempny.
14:33 of 3rd period - Stopped by Pheonix Copley with a rebound.
14:41 of 3rd period - Shot by Joël Teasdale.
14:41 of 3rd period - Shot Misses the Net.
15:06 of 3rd period - Shot by Mason Appleton.
15:06 of 3rd period - Shot Misses the Net.
15:26 of 3rd period - Shot by Jeff Carter.
15:26 of 3rd period - Shot Misses the Net.
15:28 of 3rd period - Shot by Jeff Carter.
15:28 of 3rd period - Shot Misses the Net.
15:55 of 3rd period - Jansen Harkins is hit by Chase Priskie and loses puck.
16:33 of 3rd period - Minor Penalty to Nicolas Deslauriers for Roughing.
16:33 of 3rd period - Minor Penalty to Nathan Bastian for Hooking.
16:34 of 3rd period - Bryce Kindopp wins face-off versus Zachary Aston-Reese in neutral zone.
16:39 of 3rd period - Shot by Igor Shvyrev.
16:39 of 3rd period - Shot Misses the Net.
16:41 of 3rd period - Shot by Igor Shvyrev.
16:41 of 3rd period - Stopped by Pheonix Copley without a rebound.
16:42 of 3rd period - Zachary Aston-Reese wins face-off versus Bryce Kindopp in Reign zone.
16:55 of 3rd period - Shot by Julius Honka.
16:55 of 3rd period - Shot Blocked by Patrik Nemeth.
17:39 of 3rd period - Shot by Jakob Forsbacka-Karlsson.
17:39 of 3rd period - Goal by Jakob Forsbacka-Karlsson - Bruins : 5 - Reign : 2.
17:40 of 3rd period - Bryce Kindopp wins face-off versus Zack Macewen in neutral zone.
17:43 of 3rd period - Shot by Igor Shvyrev.
17:43 of 3rd period - Shot Misses the Net.
17:51 of 3rd period - Shot by Ryan Reaves.
17:51 of 3rd period - Shot Hit the Post.
17:56 of 3rd period - Icing by Reilly Walsh.
17:57 of 3rd period - Bryce Kindopp wins face-off versus Zachary Aston-Reese in Bruins zone.
18:24 of 3rd period - Shot by Zachary Aston-Reese.
18:24 of 3rd period - Shot Misses the Net.
18:31 of 3rd period - Icing by Jakob Forsbacka-Karlsson.
18:32 of 3rd period - Jakob Forsbacka-Karlsson wins face-off versus Zack Macewen in Bruins zone.
18:46 of 3rd period - Minor Penalty to Ludwig Bystrom for Interference.
18:47 of 3rd period - Jeff Carter wins face-off versus Bryce Kindopp in Bruins zone.
19:45 of 3rd period - Connor Mackey is hit by Josh Brook.
19:47 of 3rd period - Shot by Joël Teasdale.
19:47 of 3rd period - Shot Misses the Net.
Goals for this period are 2 for Bruins vs 1 for Reign.
Shots for this period are 10 for Bruins vs 11 for Reign.